 Dungeon Crawl Stone Soup version 0.30-a0-739-gea05faddec (webtiles) character file.

Game seed: 15839428933924050442

156 browni3141 the Grave Robber (level 5, -8/22 HPs)
             Began as a Felid Necromancer on Feb 4, 2023.
             Mangled by an iguana (12 damage)
             ... on level 4 of the Dungeon.
             The game lasted 00:08:20 (5124 turns).

browni3141 the Grave Robber (Felid Necromancer)     Turns: 5124, Time: 00:08:20

Health: -8/22      AC:  1    Str:  4    XL:     5   Next: 15%
Magic:  9/9        EV: 17    Int: 18    God:
Gold:   241        SH:  0    Dex: 17    Spells: 1/9 levels left
                                        Lives:  0   Deaths: 1

rFire   . . .      SeeInvis +    (weapon unavailable)
rCold   . . .      Faith    .    (shield unavailable)
rNeg    . . .      Spirit   .    (body armour unavailable)
rPois   .          Reflect  .    (helmet unavailable)
rElec   .          Harm     .    (cloak unavailable)
rCorr   .          Rampage  .    (gloves unavailable)
Will    .....                    (boots unavailable)
Stlth   +++                      (no amulet)
HPRegen 0.23/turn                (no ring)
MPRegen 0.11/turn                (no ring)

@: quick
A: very small, claws 1, fangs 3, see invisible, speed 1, shaggy fur 1, stealthy
paws, no weapons or thrown items, no armour, multi-lived
a: no special abilities


You were on level 4 of the Dungeon.
You visited 1 branch of the dungeon, and saw 4 of its levels.

You collected 241 gold pieces.

Inventory:

Wands
 s - a wand of digging (7)
Scrolls
 c - a scroll of magic mapping
 d - a scroll of summoning {unknown}
 e - a scroll of fog {unknown}
 j - 2 scrolls of teleportation {unknown}
 k - a scroll of immolation {unknown}
 l - a scroll of enchant armour {unknown}
 m - a scroll of identify
 n - a scroll of poison {unknown}
Potions
 a - a potion of magic
 b - a potion of haste
 f - 2 potions of mutation
 g - a potion of ambrosia {unknown}
 h - a potion of curing {unknown}
 i - a potion of cancellation {unknown}
 o - a potion of degeneration {unknown}
 p - 2 potions of lignification {unknown}
 q - a potion of might {unknown}
 r - a potion of resistance {unknown}
 t - a potion of attraction {unknown}


   Skills:
 - Level 2.0 Fighting
 - Level 2.6 Dodging
 * Level 5.0 Stealth
 - Level 2.5 Spellcasting
 - Level 6.0 Necromancy


You had one spell level left.
You knew the following spells:

 Your Spells              Type           Power      Damage    Failure   Level
a - Necrotise             Necr           92%        1d8       1%          1
b - Vampiric Draining     Necr           23%        2d7       4%          3
c - Animate Dead          Necr           23%        N/A       14%         4

Your spell library contained the following spells:

 Spells                   Type           Power      Damage    Failure   Level
 Agony                    Necr           23%        N/A       38%         5
 Conjure Ball Lightning   Conj/Air       1%         3x3d6     100%        6
 Discord                  Hex            1%         N/A       100%        8
 Disjunction              Tloc           1%         N/A       100%        8


Dungeon Overview and Level Annotations

Branches:
Dungeon (4/15)
 Temple: D:4-7

Altars:


Innate Abilities, Weirdness & Mutations

You have sharp claws.
You have razor-sharp teeth.
You have supernaturally acute eyesight. (SInv)
You cover ground quickly. (Speed+)
You are covered in fur. (AC +1)
Your paws help you pounce on unaware monsters.
You are incapable of wielding weapons or throwing items.
You cannot wear armour.
You gain extra lives every three experience levels.


Message History

The iguana hisses menacingly.
The iguana misses you.
You scratch the iguana.
The iguana is lightly wounded.
The iguana bites you.
You scratch the iguana.
The iguana is lightly wounded.
The iguana closely misses you.
You scratch the iguana but do no damage.
The iguana is lightly wounded.
The iguana closely misses you.
You scratch the iguana but do no damage.
You bite the iguana, but do no damage.
The iguana is lightly wounded.
The iguana bites you.
You scratch the iguana but do no damage.
The iguana is lightly wounded.
The iguana closely misses you.
You scratch the iguana but do no damage.
The iguana is lightly wounded.
The iguana closely misses you.
You closely miss the iguana.
The iguana is lightly wounded.
The iguana misses you.
You scratch the iguana. You bite the iguana.
The iguana is heavily wounded.
The iguana bites you!
Ouch! That really hurt!
* * * LOW HITPOINT WARNING * * *
You are too injured to fight recklessly!
You scratch the iguana but do no damage.
The iguana is moderately wounded.
The iguana bites you but does no damage.
You are too injured to fight recklessly!
You scratch the iguana but do no damage.
You claw the iguana, but do no damage.
The iguana is moderately wounded.
The iguana bites you!
Ouch! That really hurt!
You die...

.......##
##..#
#..###.##
#...# ..#
#. #..##
## ##...#
#.###...##
#.....##
#....##
#..##.#
....# #@#
+##+ #l#
#.# #.#
+.# ###


You could see an iguana.

Vanquished Creatures
  An ogre (D:4)
  2 hounds (D:4)
  Ijyb (D:3)
  3 adders
  2 worms
  A dart slug (D:4)
  9 orcs
  2 ball pythons
  5 endoplasms
  2 giant cockroaches
  4 goblins
  2 hobgoblins
  3 jackals (D:4)
  2 quokkas
  5 bats
  4 frilled lizards
  4 kobolds
  7 rats
59 creatures vanquished.

Vanquished Creatures (collateral kills)
  An endoplasm (D:1)
  A kobold (D:3)
2 creatures vanquished.

Grand Total: 61 creatures vanquished

Notes
Turn   | Place    | Note
-------+----------+-------------------------------------------
     0 | D:1      | browni3141 the Felid Necromancer began the quest for the
                  | Orb.
     0 | D:1      | Reached XP level 1. HP: 7/7 MP: 4/4
   185 | D:1      | Reached XP level 2. HP: 11/11 MP: 4/6
  1176 | D:2      | Reached XP level 3. HP: 14/14 MP: 5/7
  1187 | D:2      | Learned a level 3 spell: Vampiric Draining
  2065 | D:3      | Noticed Ijyb
  2403 | D:3      | Reached skill level 5 in Necromancy
  3418 | D:3      | Killed Ijyb
  3419 | D:3      | Reached XP level 4. HP: 6/18 MP: 1/8
  4513 | D:4      | Learned a level 4 spell: Animate Dead
  4553 | D:4      | Noticed an ogre
  4569 | D:4      | Noticed an ogre
  4708 | D:4      | Reached skill level 6 in Necromancy
  4708 | D:4      | Reached XP level 5. HP: 21/21 MP: 5/9
  4807 | D:4      | Killed an ogre
  4903 | D:4      | Slain by an ogre
  4904 | D:4      | Reached XP level 4. HP: -4/19 MP: 1/8
  4946 | D:4      | Reached XP level 5. HP: 4/22 MP: 6/9
  5052 | D:4      | Reached skill level 5 in Stealth
  5124 | D:4      | Mangled by an iguana

Illustrated notes

Levels and vault maps discovered:
D:1:      zaba_arrival_water, layout_rooms
D:2:      layout_basic
D:3:      layout_basic, kennysheep_boxes, uniq_ijyb
D:4:      layout_layer_cave, mainiacjoe_overflow_24_doors,
          grunt_decor_arrowhead, cheibrodos_gnoll_hut

Skill      XL: |  1  2  3  4  5 |
---------------+----------------+-----
Necromancy     | 5 6 |  6.0
Stealth        | 3 5 |  5.0
Fighting       | 2 |  2.0
Dodging        | |  2.6
Spellcasting   | |  2.5

Action                     |  1- 3 |  4- 6 || total
---------------------------+-------+-------++-------
  Melee: Unarmed           |     2 |    39 ||    41
         Punch             |       |     3 ||     3
         Bite              |       |     7 ||     7
   Cast: Necrotise         |    92 |    32 ||   124
         Vampiric Draining |     6 |     1 ||     7
  Evoke: Wand              |       |     1 ||     1
    Use: Scroll            |     3 |       ||     3
         Potion            |     2 |     1 ||     3
   Stab: Sleeping          |       |     2 ||     2
 Armour: Skin              |       |     2 ||     2
  Dodge: Dodged            |    17 |    64 ||    81

Table legend: (Time is in decaauts)
 A = Elapsed time spent in this place.
 B = Non-inter-level travel time spent in this place.
 C = Inter-level travel time spent in this place.
 D = Time resting spent in this place.
 E = Time spent auto-exploring this place.
 F = Levels seen in this place.
 G = Mean time per level.
                   A        B        C        D        E       F      G
               +--------+--------+--------+--------+--------+-----+--------+
         Total |   4359 |   4095 |    264 |    170 |   3222 |   4 | 1089.8 |
       Dungeon |   4359 |   4095 |    264 |    170 |   3222 |   4 | 1089.8 |
               +--------+--------+--------+--------+--------+-----+--------+

Top non-repeatable levels by time:
     D:3: 2057 daAuts
     D:2: 1034 daAuts
     D:4: 667 daAuts
     D:1: 600 daAuts
